 Dungeon Crawl Stone Soup version 0.28.0-53-g5a82cb258f (webtiles) character file.

Game seed: 17394278536339342819

1407 Peloso the Slasher (level 8, 0/71 HPs)
             Began as a Minotaur Fighter on July 3, 2022.
             Was a Follower of Okawaru.
             Slain by an ogre
             ... wielding a +0 giant spiked club
              (18 damage)
             ... on level 6 of the Dungeon.
             The game lasted 00:09:52 (4725 turns).

Peloso the Slasher (Minotaur Fighter)               Turns: 4725, Time: 00:09:53

Health: 0/71       AC: 17    Str: 20    XL:     8   Next: 42%
Magic:  7/7        EV:  5    Int:  5    God:    Okawaru [*.....]
Gold:   234        SH:  9    Dex: 13    Spells: 7/7 levels left

rFire   . . .      SeeInvis .   a - +0 long sword
rCold   . . .      Faith    .   c - +0 kite shield
rNeg    . . .      Spirit   .   u - +0 plate armour
rPois   .          Reflect  .   (helmet restricted)
rElec   .          Harm     .   (no cloak)
rCorr   .          Rampage  .   (no gloves)
Will    .....                   (no boots)
Stlth   ..........              h - amulet of the acrobat
HPRegen 0.21/turn               (no ring)
MPRegen 0.10/turn               (no ring)

@: no status effects
A: horns 2, retaliatory headbutt, iridescent scales 2, subdued magic 1
a: Renounce Religion, Heroism


You were on level 6 of the Dungeon.
You worshipped Okawaru.
Okawaru was aware of your devotion.
You visited 2 branches of the dungeon, and saw 7 of its levels.

You collected 234 gold pieces.

Inventory:

Hand Weapons
 a - a +0 long sword (weapon)
Armour
 b - a +0 chain mail
 c - a +0 kite shield (worn)
 u - a +0 plate armour (worn)
Jewellery
 h - an amulet of the acrobat (around neck)
 i - a ring of wizardry
 z - a ring of positive energy
Wands
 s - a wand of acid (9)
Scrolls
 e - 2 scrolls of magic mapping {unknown}
 f - 5 scrolls of identify {unknown}
 g - a scroll of noise {unknown}
 l - a scroll of amnesia {unknown}
 m - a scroll of fear
 n - a scroll of enchant weapon {unknown}
 p - 2 scrolls of fog {unknown}
 q - a scroll of torment {unknown}
 r - a scroll of summoning
 x - 2 scrolls of enchant armour {unknown}
 y - a scroll of teleportation {unknown}
Potions
 d - a potion of might
 j - 2 potions of invisibility
 k - a potion of lignification {unknown}
 o - a potion of berserk rage
 t - a potion of flight {unknown}
 v - a potion of cancellation {unknown}
 w - a potion of heal wounds {unknown}


   Skills:
 + Level 6.6 Fighting
 + Level 7.9 Long Blades
 + Level 7.2 Armour
 + Level 1.3 Dodging
 + Level 0.6 Stealth
 + Level 5.6 Shields
 + Level 0.9 Evocations


You had 7 spell levels left.
You didn't know any spells.
Your spell library contained the following spells:

 Spells                   Type           Power      Damage    Failure   Level
 Slow                     Hex            0%         N/A       100%        1
 Confusing Touch          Hex            0%         N/A       100%        3
 Dazzling Flash           Conj/Hex       0%         N/A       100%        3
 Vampiric Draining        Necr           0%         2d6       100%        3
 Agony                    Necr           0%         N/A       100%        5
 Silence                  Hex/Air        0%         N/A       100%        5


Dungeon Overview and Level Annotations

Branches:
Dungeon (6/15)             Temple (1/1) D:4

Altars:
Cheibriados
Gozag
Okawaru
Sif Muna
Trog
Zin
The Shining One

Shops:
D:3 (=[:

Annotations:
D:4 2 runed translucent doors, LadyOphelia's ghost, novice DDBe


Innate Abilities, Weirdness & Mutations

You have a pair of horns on your head.
You reflexively headbutt those who attack you in melee.
You are mostly covered in iridescent scales. (AC +4)
Your spells are a little easier to cast, but a little less powerful.


Message History

A black bear is nearby!
You hit the black bear but do no damage.
You headbutt the black bear, but do no damage.
The black bear bites you but does no damage.
The black bear claws you but does no damage.
The black bear closely misses you.
An ogre comes into view. It is wielding a +0 giant spiked club.
You closely miss the black bear.
The black bear bites you but does no damage.
The black bear claws you but does no damage.
You block the black bear's attack.
You slash the black bear!
The black bear is heavily wounded.
The black bear bites you but does no damage.
The black bear claws you but does no damage. x2
You slash the black bear! You headbutt the black bear.
You kill the black bear!
Okawaru accepts your kill. The ogre barely misses you.
You see here a black bear corpse.
You hit the ogre.
The ogre is lightly wounded.
The ogre hits you with a +0 giant spiked club!!
You barely miss the ogre.
The ogre is lightly wounded.
The ogre hits you with a +0 giant spiked club!!
You hit the ogre.
The ogre is lightly wounded.
The ogre hits you with a +0 giant spiked club!
* * * LOW HITPOINT WARNING * * *
You hit the ogre. You headbutt the ogre.
The ogre is heavily wounded.
The ogre hits you with a +0 giant spiked club.
* * * LOW HITPOINT WARNING * * *
You hit the ogre. You headbutt the ogre.
The ogre is severely wounded.
You hit the ogre.
The ogre is almost dead.
The ogre hits you with a +0 giant spiked club!!
You die...

#. ... ##... ......
##### ### ...... #####
##...###.##...#.#
#..<####.....#..........
#..)..###.....#.@O#
#...)..###...#....#
.............^...###
..##...............#
...............$.......
...#.....).............
...##..................
............####.......
......#..#.... ........


You could see an ogre.

Vanquished Creatures
  Grinder (D:3)
  Edmund (D:5)
  Duvessa (D:4)
  An orc warrior (D:6)
  A black bear (D:6)
  An ogre (D:5)
  A centaur (D:5)
  A bullfrog (D:5)
  3 scorpions
  Dowan (D:4)
  2 bullfrog skeletons (D:5)
  A hound (D:4)
  A jelly (D:4)
  An orc priest (D:5)
  An iguana (D:5)
  Robin (D:2)
  5 gnolls
  2 adders
  An adder skeleton (D:4)
  A worm (D:2)
  3 dart slugs
  6 orcs
  6 endoplasms
  A giant cockroach (D:1)
  11 hobgoblins
  3 jackals (D:1)
  5 kobolds
  6 quokkas
  5 ball pythons
  3 bats
  15 goblins
  6 rats
98 creatures vanquished.

Notes
Turn   | Place    | Note
-------+----------+-------------------------------------------
     0 | D:1      | Peloso the Minotaur Fighter began the quest for the Orb.
     0 | D:1      | Reached XP level 1. HP: 19/19 MP: 0/0
   190 | D:1      | Reached XP level 2. HP: 27/27 MP: 1/1
   329 | D:1      | Found a faded altar of an unknown god.
   667 | D:1      | Reached XP level 3. HP: 28/33 MP: 2/2
  1048 | D:2      | Noticed Robin
  1080 | D:2      | Killed Robin
  1083 | D:2      | HP: 1/33 [goblin/+0 club[Robin] (4)]
  1090 | D:2      | Reached XP level 4. HP: 11/40 MP: 3/3
  1818 | D:3      | Found Comni's Armour Shop.
  1853 | D:3      | Found Amesses's Jewellery Shoppe.
  1952 | D:3      | Found Jiocu's Weapon Shop.
  2110 | D:3      | Found Gaxonof's Book Shoppe.
  2135 | D:3      | Noticed Grinder
  2153 | D:3      | Paralysed by Grinder for 4 turns
  2165 | D:3      | Paralysed by Grinder for 3 turns
  2168 | D:3      | Killed Grinder
  2169 | D:3      | Reached skill level 5 in Long Blades
  2169 | D:3      | Reached skill level 5 in Armour
  2169 | D:3      | Reached XP level 5. HP: 16/47 MP: 4/4
  2580 | D:4      | Reached XP level 6. HP: 53/53 MP: 5/5
  2785 | D:4      | Reached skill level 1 in Dodging
  2964 | D:4      | Found a bloodstained altar of Trog.
  3178 | D:4      | Found a large runed translucent door.
  3178 | D:4      | Found a large runed translucent door.
  3180 | D:4      | Noticed LadyOphelia's ghost (novice DDBe)
  3240 | D:4      | Found a staircase to the Ecumenical Temple.
  3252 | Temple   | Entered the Ecumenical Temple
  3324 | Temple   | Became a worshipper of Warmaster Okawaru
  3472 | D:5      | Entered Level 5 of the Dungeon
  3504 | D:5      | Noticed Edmund
  3634 | D:5      | Killed Edmund
  3635 | D:5      | Reached XP level 7. HP: 40/60 MP: 6/6
  3641 | D:5      | Gained mutation: You are weak. (Str -2) [potion of
                  | mutation]
  3641 | D:5      | Gained mutation: Your natural rate of healing is unusually
                  | fast. [potion of mutation]
  3641 | D:5      | Gained mutation: You are partially covered in iridescent
                  | scales. (AC +2) [potion of mutation]
  3641 | D:5      | Gained mutation: You are mostly covered in iridescent
                  | scales. (AC +4) [potion of mutation]
  3644 | D:5      | Reached skill level 5 in Fighting
  3682 | D:5      | Lost mutation: Your natural rate of healing is unusually
                  | fast. [potion of mutation]
  3682 | D:5      | Lost mutation: You are weak. (Str -2) [potion of mutation]
  3682 | D:5      | Lost mutation: You are mostly covered in iridescent scales.
                  | (AC +4) [potion of mutation]
  3682 | D:5      | Gained mutation: Your spells are a little easier to cast,
                  | but a little less powerful. [potion of mutation]
  3682 | D:5      | Gained mutation: You are mostly covered in iridescent
                  | scales. (AC +4) [potion of mutation]
  4027 | D:5      | Found a glowing golden altar of the Shining One.
  4052 | D:5      | Reached skill level 5 in Shields
  4064 | D:5      | Found an opulent altar of Gozag.
  4101 | D:5      | Noticed Duvessa
  4101 | D:5      | Noticed Dowan
  4130 | D:4      | Killed Duvessa
  4130 | D:4      | Reached * piety under Okawaru
  4136 | D:4      | Killed Dowan
  4137 | D:4      | Reached XP level 8. HP: 58/70 MP: 7/7
  4725 | D:6      | Slain by an ogre

Illustrated notes

Levels and vault maps discovered:
D:1:      dpeg_arrival_line_fractal, layout_basic,
          chequers_ecumenical_altar_simple_redux
D:2:      layout_rooms, nrook_campfire, minmay_split_cup_small, uniq_robin
D:3:      layout_basic, serial_shops, shop, nicolae_square_shop, shop, shop,
          uniq_grinder
D:4:      layout_rooms, mainiacjoe_overflow_catwalk,
          minmay_temple_entry_poolview, ebering_ghost_disaster_area,
          chequers_garden, minmay_stone_trees_small,
          chequers_serial_rivers_micro_b, minmay_pentangle
D:5:      layout_cave_pools, tso_metal_star, nicolae_gozag_seed_capital,
          corexii_item_surrounded_by_moat, uniq_duvessa, uniq_edmund
D:6:      layout_cave_pools, nicolae_dithmenos_the_darkroom
Temple:   minmay_temple_curvy_loop

Skill      XL: |  1  2  3  4  5  6  7  8 |
---------------+-------------------------+-----
Armour         | 4 5 6 7 |  7.2
Long Blades    | 3 5 6 7 |  7.9
Fighting       | 4 6 |  6.6
Shields        | 4 5 |  5.6
Dodging        | 1 |  1.3
Stealth        | |  0.6
Evocations     | |  0.9

Action                   |  1- 3 |  4- 6 |  7- 9 || total
-------------------------+-------+-------+-------++-------
Melee: Long sword        |    85 |    92 |    75 ||   252
       Headbutt          |    12 |    14 |    16 ||    42
Evoke: Wand              |       |     4 |       ||     4
  Use: Potion            |     3 |       |     4 ||     7
       Scroll            |     2 |       |       ||     2
Armor: Scale mail        |    36 |     7 |       ||    43
       Plate armour      |       |    21 |    38 ||    59
       Chain mail        |       |     1 |       ||     1
Dodge: Dodged            |    49 |    25 |    24 ||    98
Block: Buckler           |    18 |     7 |       ||    25
       Kite shield       |       |    23 |    44 ||    67
